 Dungeon Crawl Stone Soup version 0.16.0-17-g811c1d7 (webtiles) character file.

161 Sorcv the Covert (level 5, 0/28 HPs)
             Began as a Kobold Enchanter on Mar 20, 2015.
             Slain by an orc priest
             ... wielding a +0 short sword
              (9 damage)
             ... on level 3 of the Dungeon.
             The game lasted 00:07:20 (1175 turns).

Sorcv the Covert (Kobold Enchanter)                 Turns: 1175, Time: 00:07:20

Health: 0/28       AC:  4    Str:  7    XL:     5   Next: 70%
Magic:  5/9        EV: 15    Int: 13    God:
Gold:   73         SH:  0    Dex: 17    Spells: 3 memorised, 2 levels left

rFire  x . .     SeeInvis .     a - +1 dagger
rCold  + . .     Clarity  .     b - +1 robe
rNeg   + . .     SustAb   .     (no shield)
rPois  .         Gourm    .     e - +0 helmet
rElec  .         Spirit   .     (no cloak)
rCorr  .         Warding  +     (no gloves)
rMut   .         Stasis   .     (no boots)
MR     .....                    f - amulet of warding
Stlth  +++++.....               (no ring)
                                n - ring of ice

@: lethally poisoned (0 -> -2), not resistant to hostile enchantments, quite
stealthy
A: carnivore 3
a: no special abilities


You were on level 3 of the Dungeon.
You were full.

You visited 1 branch of the dungeon, and saw 3 of its levels.

You collected 73 gold pieces.

Inventory:

Hand weapons
 a - a +1 dagger (weapon)
Armour
 b - a +1 robe (worn)
 e - a +0 helmet (worn)
 h - a +0 buckler
Jewellery
 f - an amulet of warding (around neck)
 n - a ring of ice (left hand)
Scrolls
 g - 3 scrolls of identify {unknown}
 i - a scroll of enchant armour {unknown}
 q - a scroll of teleportation {unknown}
Potions
 j - a potion of curing
 k - a potion of resistance
Books
 c - a book of Maledictions

   Spells                             Type                      Level
   a - Corona                         Hexes                        1
   b - Sure Blade                     Hexes/Charms                 2
   c - Ensorcelled Hibernation        Hexes/Ice                    2
   d - Confuse                        Hexes                        3
   e - Dazzling Spray                 Conjuration/Hexes            3
   f - Enslavement                    Hexes                        4
 m - a book of Geomancy

   Spells                             Type                      Level
   a - Sandblast                      Earth                        1
   b - Stoneskin                      Transmutation/Earth          2
   c - Passwall                       Transmutation/Earth          3
   d - Stone Arrow                    Conjuration/Earth            3
   e - Petrify                        Transmutation/Earth          4
   f - Lee's Rapid Deconstruction     Earth                        5
Comestibles
 d - 2 meat rations
 l - a beef jerky


   Skills:
 - Level 1.3 Short Blades
 - Level 2.4 Dodging
 + Level 8.4 Stealth
 - Level 2.0 Spellcasting
 - Level 3.0 Hexes


You had 2 spell levels left.
You knew the following spells:

 Your Spells              Type           Power        Failure   Level  Hunger
a - Corona                Hex            #......      10%         1    ##.....
b - Ensorcelled Hibernat  Hex/Ice        #.....       21%         2    ###....
c - Confuse               Hex            #.......     21%         3    ####...


Dungeon Overview and Level Annotations

Branches:
Dungeon (3/15)

Altars:
Elyvilon


Innate Abilities, Weirdness & Mutations

You are small and have problems with some larger weapons.
You are carnivorous and can eat meat at any time.


Message History

The orc is moderately wounded.
You hit the orc!
You kill the orc!
You feel sick.
Casting: Confuse
Confirm with . or Enter, or press ? or * to list all spells.
Aiming: Ensorcelled Hibernation
Press: ? - help, Shift-Dir - straight line, f - orc priest
Aim: an orc priest, wielding a short sword (chance 38%)
You feel a surge of power!
The orc priest resists with some effort.
Casting: Ensorcelled Hibernation
Confirm with . or Enter, or press ? or * to list all spells.
Aiming: Ensorcelled Hibernation
Press: ? - help, Shift-Dir - straight line, f/p - orc priest
Aim: an orc priest, wielding a short sword (chance 38%)
You feel a surge of power!
The orc priest resists with some effort.
The orc priest hits you with a short sword!
You die...

#.......# ..# ##...####
#oo# #...# ##.o. #...#
#### ..o# #...# #... #..#
########...####.##
#.o####.................
#o.##.o)................
#.#..##.#@................
#.....o.########...####.#.
........o#### #......#
#..) ....###.# #.#....#
###. ..# #.# #.#<...# #. #
#.# #.#....# ## ..#
##.#..### # ### ##..#..#
##8## ##.#....##8...8.


You could see an orc priest.

Vanquished Creatures
  The ghost of Sorcv the Sneak, an average KoEn (D:3)
  Terence (D:2)
  Robin (D:2)
  A gnoll (D:2)
  An adder (D:3)
  2 giant geckos
  An ooze (D:3)
  3 orcs (D:3)
  6 bats
  3 giant cockroaches
  10 goblins
  3 hobgoblins
  4 kobolds (D:3)
  2 giant newts (D:2)
  6 jackals
  4 rats (D:1)
49 creatures vanquished.

Notes
Turn   | Place    | Note
--------------------------------------------------------------
     0 | D:1      | Sorcv, the Kobold Enchanter, began the quest for the Orb.
     0 | D:1      | Reached XP level 1. HP: 10/10 MP: 3/3
   138 | D:1      | Reached XP level 2. HP: 15/15 MP: 4/4
   211 | D:2      | Noticed Robin
   216 | D:2      | Reached skill level 5 in Stealth
   221 | D:2      | Learned a level 2 spell: Ensorcelled Hibernation
   274 | D:2      | Reached XP level 3. HP: 16/19 MP: 1/6
   345 | D:2      | Killed Robin
   345 | D:2      | Reached skill level 6 in Stealth
   511 | D:2      | Noticed Terence
   529 | D:2      | Killed Terence
   529 | D:2      | Reached XP level 4. HP: 10/24 MP: 3/7
   720 | D:3      | Reached skill level 7 in Stealth
   818 | D:3      | Found a white marble altar of Elyvilon.
   931 | D:3      | Noticed Sorcv's ghost (average KoEn)
   942 | D:3      | Learned a level 3 spell: Confuse
   990 | D:3      | Killed Sorcv's ghost
   990 | D:3      | Reached skill level 8 in Stealth
   990 | D:3      | Reached XP level 5. HP: 10/28 MP: 0/9
  1175 | D:3      | Slain by an orc priest

Action                   |  1- 3 |  4- 6 || total
-------------------------+-------+-------++-------
Melee: Dagger            |    50 |    69 ||   119
 Cast: Ensorcelled Hiber |    10 |     4 ||    14
       Confuse           |       |     4 ||     4
  Use: Potion            |     4 |     2 ||     6
 Stab: Sleeping          |     6 |     8 ||    14
       Confused          |       |     1 ||     1
  Eat: Chunk             |     3 |     4 ||     7
